 Dungeon Crawl Stone Soup version 0.24.0-125-gc4c63601f3 (webtiles) character file.

Game seed: 8975801545553277053, levelgen mode: deterministic

17805 hazymike the Slicer (level 12, -4/65 HPs)
             Began as a Spriggan Wanderer on Feb 24, 2020.
             Was a Priest of Ashenzari.
             Slain by a wolf spider zombie (13 damage)
             ... on level 12 of the Dungeon.
             The game lasted 02:30:04 (21507 turns).

hazymike the Slicer (Spriggan Wanderer)            Turns: 21507, Time: 02:30:05

Health: -4/65      AC:  7    Str: 11    XL:     12   Next: 22%
Magic:  19/19      EV: 28    Int: 14    God:    Ashenzari [***...]
Gold:   769        SH:  0    Dex: 20    Spells: 11/19 levels left

rFire    . . .     SeeInvis +   a - +2 dagger (venom)
rCold    . . .     Gourm    .   (shield restricted)
rNeg     + . .     Faith    .   C - +2 robe {rN+}
rPois    .         Spirit   .   (helmet restricted)
rElec    .         Reflect  .   x - +2 cloak {MR+} (curse)
rCorr    .         Harm     .   (gloves unavailable)
MR       +++..                  (boots unavailable)
Stlth    +++++.....             A - amulet of regeneration
HPRegen  0.60/turn              e - +3 ring of dexterity
MPRegen  0.16/turn              K - ring of wizardry

@: very quick
A: very small, unfitting armour, see invisible, herbivore, speed 3, slow
metabolism 2
a: Curse Item, Scrying, Renounce Religion


You were on level 12 of the Dungeon.
You worshipped Ashenzari.
Ashenzari was most pleased with you.
You were not hungry.

You visited 1 branch of the dungeon, and saw 12 of its levels.

You collected 769 gold pieces.

Inventory:

Hand Weapons
 a - a +2 dagger of venom (weapon)
 b - a +4 scimitar
Missiles
 j - 325 stones
 w - 24 poisoned darts (quivered)
Armour
 x - a cursed +2 cloak of magic resistance (worn)
 C - a +2 robe of positive energy (worn)
 F - a +0 troll leather armour
 J - +0 steam dragon scales
 N - a +2 robe of cold resistance
Jewellery
 e - a +3 ring of dexterity (left hand)
 A - an amulet of regeneration (around neck)
 K - a ring of wizardry (right hand)
 M - an uncursed ring of ice
Wands
 m - a wand of digging (5)
 r - a wand of polymorph (10)
 t - a wand of disintegration (14)
 u - a wand of random effects (19)
 v - a wand of clouds (3)
 I - a wand of flame (31)
 O - a wand of iceblast (10)
Scrolls
 f - 4 scrolls of fog
 h - 7 scrolls of enchant weapon
 l - 3 scrolls of magic mapping
 n - 6 scrolls of enchant armour
 o - 6 scrolls of teleportation
 p - 2 scrolls of immolation
 y - 3 scrolls of remove curse
 B - 3 scrolls of blinking
 D - a scroll of fear
 E - a scroll of torment {unknown}
 G - a scroll of identify
 L - a scroll of random uselessness {unknown}
Potions
 c - 3 potions of curing
 g - 2 potions of heal wounds
 i - 2 potions of might
 k - 3 potions of magic
 q - 2 potions of haste
 s - 3 potions of berserk rage
 z - a potion of invisibility
 H - 2 potions of brilliance
Comestibles
 d - 11 rations


   Skills:
 + Level 8.7 Fighting
 - Level 12.0 Short Blades
 + Level 10.8 Dodging
 + Level 11.7 Stealth
 - Level 4.0 Spellcasting
 + Level 3.6 Conjurations
 - Level 4.0 Translocations
 - Level 3.0 Fire Magic
 - Level 3.0 Air Magic
 - Level 3.0 Poison Magic
 - Level 1.3 Evocations


You had 11 spell levels left.
You knew the following spells:

 Your Spells              Type           Power        Failure   Level  Hunger
a - Blink                 Tloc           N/A          2%          2    ##.....
b - Mephitic Cloud        Conj/Pois/Air  ##......     6%          3    ###....
c - Conjure Flame         Conj/Fire      ##......     6%          3    ###....

Your spell library contained the following spells:

 Spells                   Type           Power        Failure   Level  Hunger
 Magic Dart               Conj           ##..         1%          1    None
 Corona                   Hex            #......      8%          1    None
 Portal Projectile        Hex/Tloc       #.....       11%         3    ###....
 Call Imp                 Summ           #.......     12%         2    ##.....
 Slow                     Hex            #.......     12%         2    ##.....
 Inner Flame              Hex/Fire       #.......     12%         3    ###....
 Cause Fear               Hex            #.........   56%         4    ####...
 Leda's Liquefaction      Hex/Erth       #.........   56%         4    ####...


Dungeon Overview and Level Annotations

Branches:
Dungeon (12/15)            Temple (0/1) D:4            Lair (0/6) D:8
    Orc (0/2) D:9

Altars:
Ashenzari
Dithmenos
Elyvilon
Gozag
Hepliaklqana
Kikubaaqudgha
Makhleb
Nemelex Xobeh
Okawaru
Ru
Sif Muna
Trog
Vehumet
Wu Jian
Xom
Zin
The Shining One

Annotations:
D:7 exclusion: 2 killer bees
D:12 exclusions: crocodile, iguana and vampire


Innate Abilities, Weirdness & Mutations

You are very small and have problems with some larger weapons.
You are too small for most types of armour.
You have supernaturally acute eyesight. (SInv)
You are a herbivore.
You cover ground extremely quickly.
You need to consume almost no food.


Message History

The cyclops is almost dead.
The cyclops completely misses you.
You hit the cyclops.
The cyclops looks as sick as possible!
The cyclops is almost dead.
The wolf spider zombie completely misses you. x2
The hungry ghost hits you.
* * * LOW HITPOINT WARNING * * *
You feel a lot more hungry.
You barely miss the cyclops.
The cyclops is almost dead.
You hit the cyclops but do no damage.
The cyclops looks as sick as possible!
The cyclops is almost dead.
The wolf spider zombie hits you but does no damage.
The wolf spider zombie bites you.
* * * LOW HITPOINT WARNING * * *
The hungry ghost misses you. The cyclops completely misses you.
You hit the cyclops but do no damage.
The cyclops looks as sick as possible!
The cyclops is almost dead.
The wolf spider zombie hits you!
You die...

* ,, , , , , ,, , , ,
############ , ,
,...........#........ , ,
,...........#.>.....##### ,
...........#.......#...# ,
...........##......#...# #.....*
,......Z.....#......#...#
#[....#, ......C@....#......#.<..
#.....#,,......W.....#......#....
#.....#{ ............#...[).#....
#.....########.......'......#....
#...........#+#######......#....
#..........................#....
#..........................#....
#....####'#######..........#....
#....#..........#..........#....


You could see a cyclops, a hungry ghost and a wolf spider zombie.

Vanquished Creatures
  Fannar (D:12)
  2 two-headed ogres
  A centaur warrior (D:10)
  Nergalle (D:12)
  2 unseen horrors
  2 ugly things
  A gargoyle (D:12)
  4 trolls
  4 hippogriffs
  A wraith (D:9)
  A wyvern (D:12)
  17 yaks
  A hungry ghost (D:9)
  A steam dragon (D:11)
  A human (D:9)
  4 hogs
  Menkaure (D:6)
  2 two-headed ogre zombies (D:9)
  2 water moccasins
  6 orc warriors
  4 ice beasts
  2 hornet zombies
  3 sky beasts
  4 phantoms
  8 ogres
  5 centaurs
  3 big kobolds
  4 bullfrogs
  A gnoll sergeant (D:6)
  A water moccasin zombie (D:6)
  5 scorpions
  2 troll zombies (D:9)
  2 howler monkeys
  16 wights
  6 crimson imps
  3 bullfrog zombies
  10 orc priests
  2 jellies
  15 orc wizards
  2 bullfrog skeletons
  4 hounds
  Crazy Yiuf (D:2)
  2 centaur skeletons
  An iguana (D:7)
  9 worker ants
  Terence (D:3)
  4 ogre zombies (D:9)
  A hound zombie (D:4)
  5 hound skeletons
  3 gnolls (D:6)
  A howler monkey zombie (D:5)
  8 adders
  A howler monkey skeleton (D:4)
  A shadow imp (D:5)
  A white imp (D:5)
  3 oozes
  2 adder zombies
  An adder skeleton (D:4)
  4 worms
  2 dart slugs (D:2)
  13 leopard geckos
  38 orcs
  3 giant cockroaches
  11 hobgoblins
  7 jackals
  7 quokkas
  A ball python (D:2)
  9 bats
  4 frilled lizards
  4 giant cockroach zombies
  7 goblins
  2 goblin skeletons (D:9)
  2 goblin zombies (D:9)
  3 hobgoblin zombies (D:9)
  22 kobolds
  A leopard gecko skeleton (D:8)
  2 leopard gecko zombies
  2 orc skeletons (D:9)
  16 orc zombies (D:9)
  A quokka zombie (D:4)
  3 rats
366 creatures vanquished.

Vanquished Creatures (others)
  A human (D:6)
  2 plants (D:9)
3 creatures vanquished.

Grand Total: 369 creatures vanquished

Notes
Turn   | Place    | Note
-------+----------+-------------------------------------------
     0 | D:1      | hazymike the Spriggan Wanderer began the quest for the Orb.
     0 | D:1      | hazymike set off with the following items: a +0 short
                  | sword, a +2 robe, a potion of curing, a ration
     0 | D:1      | Reached XP level 1. HP: 10/10 MP: 3/3
   814 | D:1      | Reached XP level 2. HP: 14/14 MP: 4/4
  1183 | D:2      | Noticed an ogre
  1199 | D:2      | Reached skill level 3 in Short Blades
  1512 | D:2      | Reached XP level 3. HP: 15/18 MP: 5/5
  1997 | D:2      | Found a shimmering blue altar of Sif Muna.
  2082 | D:2      | Found a runed translucent door.
  2083 | D:2      | Noticed Crazy Yiuf
  2503 | D:3      | Found a shattered altar of Ashenzari.
  2695 | D:3      | Found an iron altar of Okawaru.
  2713 | D:3      | Became a worshipper of Ashenzari the Shackled
  2773 | D:3      | Reached XP level 4. HP: 23/23 MP: 6/6
  2937 | D:3      | Noticed Terence
  3205 | D:3      | Found an opulent altar of Gozag.
  3205 | D:3      | Found a sparkling altar of Nemelex Xobeh.
  3609 | D:3      | Reached skill level 4 in Short Blades
  3702 | D:3      | Found a white marble altar of Elyvilon.
  4518 | D:4      | Found a staircase to the Ecumenical Temple.
  4655 | D:4      | Reached XP level 5. HP: 12/26 MP: 7/7
  4838 | D:4      | Reached skill level 5 in Short Blades
  5138 | D:4      | Noticed an ogre
  5252 | D:4      | Reached XP level 6. HP: 28/32 MP: 8/8
  5907 | D:5      | Entered Level 5 of the Dungeon
  5921 | D:5      | Noticed a water moccasin
  5970 | D:4      | Reached skill level 6 in Short Blades
  6078 | D:5      | Noticed an ice beast
  6295 | D:5      | Killed a water moccasin
  6552 | D:5      | Reached * piety under Ashenzari
  6595 | D:5      | Found a shimmering altar of Xom.
  6632 | D:5      | Reached XP level 7. HP: 36/36 MP: 9/9
  6691 | D:5      | Found a burning altar of Makhleb.
  6691 | D:5      | Found a glowing silver altar of Zin.
  6692 | D:5      | Noticed an angel
  6692 | D:5      | Noticed a balrug
  6930 | D:5      | Reached skill level 7 in Short Blades
  7109 | D:6      | Noticed Menkaure
  7209 | D:6      | Found an ancient bone altar of Kikubaaqudgha.
  7209 | D:6      | Noticed a human
  7213 | D:6      | Killed a human
  7641 | D:6      | Reached skill level 8 in Short Blades
  8041 | D:7      | Reached XP level 8. HP: 42/42 MP: 10/10
  8125 | D:7      | Found a glowing golden altar of the Shining One.
  8220 | D:7      | Found a bloodstained altar of Trog.
  8288 | D:7      | Found a shadowy altar of Dithmenos.
  8319 | D:7      | Found an ornate altar of the Wu Jian Council.
  8437 | D:7      | Reached skill level 9 in Short Blades
  8437 | D:7      | Reached skill level 5 in Stealth
  9349 | D:3      | Killed Terence
  9561 | D:2      | Killed Crazy Yiuf
  9561 | D:2      | Reached skill level 5 in Fighting
 10028 | D:8      | Noticed a two-headed ogre
 10159 | D:7      | Killed a two-headed ogre
 10159 | D:7      | Reached skill level 10 in Short Blades
 10159 | D:7      | Reached XP level 9. HP: 47/47 MP: 11/11
 10634 | D:8      | Found a staircase to the Lair.
 10676 | D:8      | Reached skill level 11 in Short Blades
 11080 | D:8      | Found a sacrificial altar of Ru.
 11080 | D:8      | Found a hazy altar of Hepliaklqana.
 11629 | D:8      | Found a staircase to the Lair.
 11830 | D:8      | Found a sacrificial altar of Ru.
 11830 | D:8      | Found a hazy altar of Hepliaklqana.
 12565 | D:9      | Reached ** piety under Ashenzari
 12746 | D:9      | Found a staircase to the Orcish Mines.
 12929 | D:9      | Reached XP level 10. HP: 53/53 MP: 12/12
 12963 | D:9      | Reached skill level 12 in Short Blades
 13361 | D:9      | Learned a level 2 spell: Blink
 13365 | D:9      | Learned a level 3 spell: Mephitic Cloud
 13369 | D:9      | Learned a level 3 spell: Conjure Flame
 13835 | D:9      | Reached skill level 1 in Spellcasting
 13835 | D:9      | Reached skill level 1 in Translocations
 14017 | D:9      | Reached skill level 1 in Poison Magic
 14520 | D:9      | Reached skill level 1 in Air Magic
 14775 | D:9      | Reached skill level 1 in Conjurations
 14900 | D:10     | Entered Level 10 of the Dungeon
 16416 | D:10     | Reached XP level 11. HP: 53/58 MP: 17/17
 16667 | D:11     | Noticed a purple ugly thing
 16672 | D:11     | Killed a purple ugly thing
 16672 | D:11     | Reached skill level 10 in Stealth
 16675 | D:11     | Noticed an unseen horror
 16705 | D:11     | Killed an unseen horror
 16977 | D:11     | Noticed a centaur warrior
 17011 | D:10     | Killed a centaur warrior
 17243 | D:11     | Noticed a two-headed ogre
 17370 | D:11     | Killed a two-headed ogre
 17370 | D:11     | Reached skill level 1 in Fire Magic
 19557 | D:6      | Killed Menkaure
 19949 | D:12     | Noticed an unseen horror
 19985 | D:12     | Killed an unseen horror
 19985 | D:12     | Reached skill level 10 in Dodging
 20730 | D:12     | Reached XP level 12. HP: 65/65 MP: 17/19
 20878 | D:12     | Noticed Fannar
 20894 | D:12     | Killed Fannar
 21022 | D:12     | Noticed Nergalle
 21031 | D:12     | Killed Nergalle
 21180 | D:12     | Found a radiant altar of Vehumet.
 21481 | D:12     | Reached *** piety under Ashenzari
 21507 | D:12     | Slain by a wolf spider zombie

Levels and vault maps discovered:
D:1:      mrwooster_arrival_statue_3, layout_loops_ring, kennysheep_boxes
D:2:      layout_basic, lemuel_doored_altar, uniq_crazy_yiuf_cottage
D:3:      layout_basic, grunt_temple_overflow_opulence, old_standard_altar,
          grunt_temple_overflow_open, serial_rivers,
          chequers_serial_rivers_micro_d, chequers_serial_rivers_marsh,
          chequers_serial_rivers_small_b, chequers_serial_rivers_room_b,
          chequers_serial_rivers_small_b, chequers_serial_rivers_micro_b,
          uniq_terence
D:4:      layout_rooms, minmay_temple_entry_statues_pillars, serial_undead,
          serial_undead_b, serial_undead_f, serial_undead_b, serial_undead_b,
          serial_undead_b, serial_undead_c, serial_undead_e, serial_undead_e,
          first_ration, st_stairs_6, minmay_fractal_squares_5
D:5:      layout_rooms, grunt_temple_overflow_order_and_chaos_2,
          brannock_xom_greatest_gift, minmay_fire_ice_demons
D:6:      layout_loops_cross, tgw_kikubaaqudgha, uniq_menkaure
D:7:      layout_loops_ring, kennysheep_mini_moat, tso_altar,
          grunt_dithmenos_smoke, overflow_temple_1_default
D:8:      minmay_spotlight, layout_basic, gammafunk_temple_overflow_elements,
          lair_entry_dummy, kennysheep_opposing_triangles
D:9:      corexii_shack_village, layout_long_grid, zombieorc2_lemuel,
          grunt_livestock
D:10:     layout_roguey
D:11:     layout_loops_cross
D:12:     layout_irregular_city, basic_altar, corexii_mini_fake_secret_closet,
          uniq_nergalle, uniq_fannar

Skill      XL: |  1  2  3  4  5  6  7  8  9 10 11 12 |
---------------+-------------------------------------+-----
Stealth        | 2 3 7 8 9 11 | 11.7
Short Blades   | 3 4 5 6 8 10 11 12 | 12.0
Dodging        | 6 7 10 | 10.8
Fighting       | 2 3 4 5 6 7 8 |  8.7
Spellcasting   | 3 4 |  4.0
Translocations | 4 |  4.0
Poison Magic   | 2 3 |  3.0
Air Magic      | 2 3 |  3.0
Conjurations   | 2 3 |  3.6
Fire Magic     | 2 3 |  3.0
Evocations     | |  1.3

Action                   |  1- 3 |  4- 6 |  7- 9 | 10-12 || total
-------------------------+-------+-------+-------+-------++-------
Melee: Short sword       |   208 |   278 |   189 |       ||   675
       Dagger            |       |       |   323 |  1473 ||  1796
       Scimitar          |       |       |       |    81 ||    81
Throw: Stone             |    19 |    91 |    98 |   199 ||   407
       Dart              |       |       |    82 |   271 ||   353
 Cast: Conjure Flame     |       |       |       |     2 ||     2
       Mephitic Cloud    |       |       |       |     1 ||     1
Invok: Curse Item        |       |       |       |     1 ||     1
  Use: Scroll            |     2 |     7 |     6 |     2 ||    17
       Potion            |       |     1 |       |       ||     1
 Stab: Sleeping          |     6 |     2 |    20 |    25 ||    53
       Distracted        |       |       |     2 |     1 ||     3
       Confused          |       |       |       |     1 ||     1
  Eat: Ration            |       |     2 |     3 |     7 ||    12
Armor: Robe              |    20 |    29 |    38 |    42 ||   129
       Troll leather arm |       |       |       |    28 ||    28
       Steam dragon scal |       |       |       |     7 ||     7
Dodge: Dodged            |   131 |   204 |   248 |   771 ||  1354
       Rpst.: Scimitar   |       |       |       |    17 ||    17
